 Dungeon Crawl Stone Soup version 0.21-a0-143-g1ab7d47 (webtiles) character file.

616 grindst0ne the Firebug (level 7, -7/50 HPs)
             Began as a Hill Orc Fire Elementalist on July 25, 2017.
             Was a Follower of Makhleb.
             Killed by divine providence
             ... invoked by an orc priest
              (14 damage)
             ... on level 4 of the Dungeon.
             The game lasted 00:11:05 (4912 turns).

grindst0ne the Firebug (Hill Orc Fire Elementalist) Turns: 4912, Time: 00:11:06

Health: -7/50      AC:  5    Str: 11    XL:     7   Next: 45%
Magic:  0/9        EV: 12    Int: 17    God:    Makhleb [*.....]
Gold:   176        SH:  5    Dex: 13    Spells: 2/9 levels left

rFire    . . .     SeeInvis .   r - staff of air
rCold    . . .     Gourm    .   (no shield)
rNeg     . . .     Faith    .   a - +0 robe
rPois    .         Spirit   .   p - +2 hat
rElec    +         Reflect  +   (no cloak)
rCorr    .         Harm     .   w - +0 pair of gloves
MR       .....     Clarity  +   (no boots)
Stlth    +++.......             k - +5 amulet of reflection
HPRegen  0.16/turn              q - ring of stealth
MPRegen  0.11/turn              (no ring)

@: no status effects
A: agile 1, clarity
a: Renounce Religion, Convert to Beogh


You were on level 4 of the Dungeon.
You worshipped Makhleb.
Makhleb was aware of your devotion.
You were hungry.

You visited 1 branch of the dungeon, and saw 4 of its levels.

You collected 176 gold pieces.

Inventory:

Hand Weapons
 h - a +0 short sword of draining
 l - a +0 hand axe
Missiles
 d - a throwing net (quivered)
Armour
 a - a +0 robe (worn)
 p - a +2 hat (worn)
 w - a +0 pair of gloves (worn)
Magical Staves
 r - an uncursed staff of air (weapon)
Jewellery
 k - a +5 amulet of reflection (around neck)
 q - a ring of stealth (left hand)
Wands
 f - a wand of flame (27/48)
 u - a wand of confusion (17/48)
Scrolls
 e - 3 scrolls of enchant armour
 t - a scroll of enchant weapon {unknown}
 v - a scroll of noise {unknown}
Potions
 j - 2 potions of flight
 m - 4 potions of ambrosia
 o - a potion of degeneration
 x - a potion of might {unknown}
Books
 b - a book of Flames

   Spells                             Type                      Level
   a - Flame Tongue                   Conjuration/Fire             1
   b - Throw Flame                    Conjuration/Fire             2
   c - Conjure Flame                  Conjuration/Fire             3
   d - Inner Flame                    Hexes/Fire                   3
   e - Sticky Flame                   Conjuration/Fire             4
   f - Fireball                       Conjuration/Fire             5
Comestibles
 c - 2 bread rations
 n - a meat ration


   Skills:
 - Level 1.5 Dodging
 - Level 1.5 Stealth
 - Level 1.5 Spellcasting
 + Level 5.4 Conjurations
 + Level 6.9 Fire Magic


You had 2 spell levels left.
You knew the following spells:

 Your Spells              Type           Power        Failure   Level  Hunger
a - Flame Tongue          Conj/Fire      ###..        1%          1    ##.....
b - Throw Flame           Conj/Fire      ###...       2%          2    ###....
c - Sticky Flame          Conj/Fire      ###.....     16%         4    #####..


Dungeon Overview and Level Annotations

Branches:
Dungeon (4/15)             Temple (0/1) D:4

Altars:
Makhleb
Uskayaw
Xom


Innate Abilities, Weirdness & Mutations

You are agile. (Dex +2)
You possess an exceptional clarity of mind.


Message History

Press: ? - help, Shift-Dir - straight line, f/p - orc
Aim: an orc, wielding a dagger (lightly wounded)
The flame tongue hits the orc.
You kill the orc!
Makhleb accepts your kill.
The orc priest shouts, "Surrender to Beogh and we'll let you live!"
The orc priest calls down the wrath of Beogh upon you.
Pain shoots through your body!
Casting: Flame Tongue
Confirm with . or Enter, or press ? or * to list all spells.
Aiming: Flame Tongue
Press: ? - help, Shift-Dir - straight line, f - orc priest
Aim: an orc priest, wielding a whip The flame tongue misses the orc priest.
The orc priest barely misses you.
The orc priest invokes the aid of Beogh against you.
Beogh smites you!
* * * LOW HITPOINT WARNING * * *
The orc priest mumbles some strange prayers to Beogh against you.
Beogh smites you!
You die...

#....o.# ###### #......#
#..... #.....### #.####
#.......# #.# #######.# #.#
#o# #.# #.# #.# #.# #.# #@#
#.# #.# #.# #.# #.#### #.#
#.##.. #.# #.##.# #.# #.#...
#.# #.#..# #####'## #.#...
#######......##########.#...


You could see an orc priest.

Vanquished Creatures
  An ogre (D:4)
  A scorpion (D:4)
  A hound (D:4)
  3 orc wizards (D:4)
  An orc priest (D:4)
  A jelly (D:4)
  2 worker ants (D:4)
  A hound skeleton (D:4)
  A worker ant zombie (D:4)
  8 gnolls
  6 adders
  2 oozes
  A worm (D:3)
  3 dart slugs
  4 leopard geckos
  14 orcs
  7 bats
  2 giant cockroaches
  8 goblins
  5 hobgoblins
  8 jackals
  3 quokkas
  A frilled lizard (D:1)
  5 kobolds
  6 rats
95 creatures vanquished.

Notes
Turn   | Place    | Note
-------+----------+-------------------------------------------
     0 | D:1      | grindst0ne the Hill Orc Fire Elementalist began the quest for the Orb.
     0 | D:1      | Reached XP level 1. HP: 14/14 MP: 3/3
     2 | D:1      | Noticed an elf
     4 | D:1      | Noticed a spriggan
     4 | D:1      | Noticed a human
     6 | D:1      | Noticed a troll
     8 | D:1      | Noticed a merfolk
     8 | D:1      | Noticed a tengu
    10 | D:1      | Noticed a centaur
    12 | D:1      | Noticed a dwarf
    12 | D:1      | Noticed a naga
    14 | D:1      | Noticed a halfling
    14 | D:1      | Noticed a vampire
    16 | D:1      | Noticed a vine stalker
    16 | D:1      | Noticed a felid
    18 | D:1      | Noticed a draconian
    18 | D:1      | Noticed a gargoyle
    20 | D:1      | Noticed a formicid
    20 | D:1      | Noticed an ogre
    22 | D:1      | Noticed a ghoul
    24 | D:1      | Noticed an octopode
    24 | D:1      | Noticed a demigod
    26 | D:1      | Noticed a demonspawn
    26 | D:1      | Noticed a minotaur
   128 | D:1      | Reached XP level 2. HP: 11/20 MP: 1/4
   740 | D:2      | Reached skill level 4 in Fire Magic
   740 | D:2      | Reached XP level 3. HP: 15/26 MP: 1/5
  1260 | D:3      | Reached XP level 4. HP: 16/33 MP: 0/6
  1544 | D:2      | Learned a level 2 spell: Throw Flame
  2441 | D:3      | Found a shimmering altar of Xom.
  2441 | D:3      | Found a burning altar of Makhleb.
  2719 | D:3      | Became a worshipper of Makhleb the Destroyer
  2767 | D:3      | Reached XP level 5. HP: 38/38 MP: 5/7
  2772 | D:3      | Reached skill level 5 in Fire Magic
  2991 | D:3      | HP: 1/38 [gnoll/spear (12)]
  3731 | D:4      | Reached XP level 6. HP: 41/45 MP: 0/8
  3834 | D:4      | Reached * piety under Makhleb
  4044 | D:4      | Reached skill level 6 in Fire Magic
  4332 | D:4      | Found a hide-covered altar of Uskayaw.
  4555 | D:4      | Reached skill level 5 in Conjurations
  4555 | D:4      | Reached XP level 7. HP: 34/50 MP: 4/9
  4564 | D:4      | Learned a level 4 spell: Sticky Flame
  4713 | D:4      | Found a staircase to the Ecumenical Temple.
  4890 | D:4      | Gained mutation: You are agile. (Dex +2) [potion of mutation]
  4890 | D:4      | Gained mutation: You possess an exceptional clarity of mind. [potion of mutation]
  4912 | D:4      | Killed from afar by an orc priest

Vault maps used:
D:1:      kb_arrival_jail, kennysheep_another_room
D:2:      kennysheep_generic_room_4
D:3:      grunt_temple_overflow_champion_of_chaos
D:4:      lemuel_doored_altar, minmay_temple_entry_overgrown

Skill      XL: |  1  2  3  4  5  6 |
---------------+-------------------+-----
Conjurations   | 2 3 4 5 |  5.4
Fire Magic     | 4 5 6 |  6.9
Dodging        | |  1.5
Stealth        | |  1.5
Spellcasting   | |  1.5

Action                   |  1- 3 |  4- 6 |  7- 9 || total
-------------------------+-------+-------+-------++-------
Melee: Unarmed           |    12 |       |       ||    12
       Short sword       |     7 |    65 |       ||    72
 Cast: Flame Tongue      |    49 |   132 |    28 ||   209
       Throw Flame       |       |     2 |       ||     2
       Sticky Flame      |       |       |     1 ||     1
  Use: Potion            |       |     1 |     3 ||     4
       Scroll            |       |     7 |       ||     7
 Stab: Sleeping          |       |     1 |       ||     1
  Eat: Chunk             |     2 |    14 |     1 ||    17
Armor: Robe              |    12 |    27 |     4 ||    43
Dodge: Dodged            |    41 |    95 |     7 ||   143
Block: Other             |       |       |     6 ||     6
